cohdb
Replays
Latest Replays
All Replays
Popular Replays
Top Player Replays
Match Explorer
How It Works
Community
CoH3 Stats
Reddit
Sign in to upload your games and track your stats! →
Sign in with Steam
Match 37459676
Unlisted
Match 37459676
Overview
Messages
Build Orders
End
Scout Squad
Construct Barracks
Selects Armored Battlegroup
Riflemen Squad
Riflemen Squad
Riflemen Squad
Air Support Center
M1 Mortar Team
Grasshopper Recon Run
P-47 Strafing Run
Selects Veteran Crews
Selects M31 Recovery Vehicle
Construct Motor Pool
P-47 Strafing Run
Selects Fast Deploy
P-47 Dive Bomb
M8 Greyhound Armored Car
M1918 Browning Automatic Rifles
Grasshopper Recon Run
Air Supply
P-47 Strafing Run
Selects War Machine
M8 Greyhound Armored Car
Grasshopper Recon Run
Riflemen Squad
Engineer Squad
P-47 Strafing Run
M1 Anti-tank Gun Team
Grasshopper Recon Run
P-47 Dive Bomb
P-47 Strafing Run
Construct Tank Depot
P-47 Dive Bomb
P-47 Strafing Run
Construct Weapon Support Center
Selects Seek and Destroy
Selects UNKNOWN (2160077)
M1 Anti-tank Gun Team
Grasshopper Recon Run
M1919 Machine Gun Team
P-47 Dive Bomb
M4A3E8 Sherman Easy Eight
Grasshopper Recon Run
P-47 Dive Bomb
P-47 Strafing Run
Double Sortie
P-47 Dive Bomb
Sparkle
Mo-J
Wheeler
TheGreatone
ZeroEres
TLA-Wesker
0
0
Comments
sign in to comment!
No comments posted yet!